Brynhildr, lawful female dwarven Valkyrie ---------------------------- |..........................| |.....[......E@....h..G..... -.........................G| |..............G.........G...| ------------------------------ Brynhildr the Fighter Experience level: 8 Strength: 18/03 Dexterity: 12 Constitution: 19 Intelligence: 9 Wisdom: 8 Charisma: 8 Health: 0(79) Energy: 10(10) AC: -5 Gold: 1076 Moves: 4927 Your Inventory: Coins $ - 1076 gold pieces Weapons a - the blessed rustproof +1 Excalibur (weapon in hand) b - 4 uncursed +0 daggers (in quiver) f - 2 [uncursed +0] orcish daggers x - 4 [blessed +3] daggers Armor c - an uncursed +3 small shield (being worn) e - a cursed -1 orcish helm (being worn) n - an [uncursed] +0 pair of high boots (being worn) C - an [uncursed +0] pair of iron shoes D - an [uncursed] +0 dwarvish cloak (being worn) E - an [uncursed +0] dwarvish iron helm N - an [uncursed] +0 banded mail (being worn) Comestibles d - 3 uncursed food rations h - a [blessed] tin [of cave spider meat] j - 3 [uncursed stale] eggs L - an [uncursed] cream pie P - 2 [uncursed] tripe rations Scrolls g - an uncursed scroll labeled SODALG [of identify] p - an uncursed scroll labeled KIRJE [of gold detection] I - an [uncursed] scroll labeled VENZAR BORGAVVE [of flood] Potions i - a blessed golden potion [of extra healing] l - an uncursed black potion [of healing] m - a blessed emerald potion [of invisibility] q - an uncursed brown potion [of speed] H - a [blessed] amber potion [of monster detection] J - a [cursed] white potion [of paralysis] Rings k - an uncursed pearl ring [of poison resistance] (on right hand) Q - an [uncursed] wedding ring [of warning] Wands u - a [cursed] cedar wand [of striking] (0:0) v - a [cursed] iridium wand [of teleportation (0:3)] Tools r - an [uncursed +0] unicorn horn t - an [uncursed] key [skeleton key] K - an [uncursed magic] flute [0:6] M - an [uncursed] frost horn [0:3] Spells known in the end: Name Level Category Fail Memory Your skills at the end: Fighting Skills shield [Basic / Expert] Weapon Skills dagger [Basic / Expert] long sword [Basic / Expert] Spellcasting Skills Final Attributes: You were piously aligned. Hunger level was 96. Your alignment was 34 / 34. Monster difficulty range was 2 - 10. Level difficulty was 12. You were immune to cold. You were immune to poison. You were immune to level-drain. You had automatic searching. You had infravision. You were stealthy. You were fast. Your luck was zero. You are dead. Vanquished creatures: a small mimic a tiger an ochre jelly a leocrotta a giant beetle 2 leprechauns a giant spider a yeti a gold golem a dog a housecat 2 gray unicorns a plains centaur a gnome mummy 2 snakes 2 snow ants a bugbear 4 enormous rats 3 ponies a fog cloud 3 yellow lights 2 shriekers a violet fungus 2 baby crocodiles a floating eye a kitten a dwarf 2 rothes a centipede 2 giant bats 8 killer bees an acid blob 2 cave spiders a green mold 14 gnomes 5 garter snakes 3 geckos 4 jackals 3 kobolds 3 goblins a sewer rat 2 bats a lichen 4 newts 97 creatures vanquished. Voluntary challenges: You used a wielded weapon 101 times. You read items or engraved 3 times. You put on armor 7 times. You never genocided any monsters. You never polymorphed an object. You changed form 1 time. You used no wishes. You never wrote Elbereth's name. You encountered 1 bones level. You never used any Sokoban shortcuts. Dungeon overview: The Dungeons of Doom: levels 1 to 5 Level 1 a long staircase Level 2 a fountain Level 3 a general store, a fountain Level 4 some fountains stairs to The Gnomish Mines The Gnomish Mines: levels 5 to 12 Level 5 stairs to The Dungeons of Doom Level 7 some shops, a temple, a magic chest, some fountains Level 12 <- You were here History has recorded: On T:1 you entered the Dungeons of Doom to retrieve the Amulet of Yendor! On T:37 you reached level 2 of The Dungeons of Doom. On T:75 you reached level 3 of The Dungeons of Doom. On T:78 you advanced to experience level 2. On T:748 you reached level 4 of The Dungeons of Doom. On T:777 you advanced to experience level 3. On T:786 you advanced to experience level 4. On T:890 you reached level 5 of The Dungeons of Doom. On T:1053 you reached level 1 of The Gnomish Mines. On T:1133 you reached level 2 of The Gnomish Mines. On T:1180 you advanced to experience level 5. On T:1551 you advanced to experience level 6. On T:1893 you reached level 3 of The Gnomish Mines. On T:2325 you advanced to experience level 7. On T:2733 you reached level 4 of The Gnomish Mines. On T:3650 you reached level 5 of The Gnomish Mines. On T:3759 you reached level 6 of The Gnomish Mines. On T:3891 you advanced to experience level 8. On T:4077 you reached level 7 of The Gnomish Mines. On T:4923 you reached level 8 of The Gnomish Mines. Latest messages: You are splashed by the ochre jelly's acid! [HP-5=58] You hit the ochre jelly. You are splashed by the ochre jelly's acid! [HP-6=52] You kill the ochre jelly! [HP+1=53] [HP+1=54] You stop for the gnome. (2x) [HP+1=55] [HP+1=56] The gnome suddenly disappears! You miss the fire elemental. You are suddenly very hot! [HP-20=36] You feel more confident in your weapon skills. You hit the fire elemental! You are suddenly very hot! The fire elemental hits! [HP-24=12] You hit the fire elemental! You are suddenly very hot! You die... Final status: Farvel Brynhildr the Valkyrie... You died in The Gnomish Mines on dungeon level 12 with 8167 points, and 1076 pieces of gold, after 4927 moves. You were level 8 with a maximum of 79 hit points when you died.